 Dungeon Crawl Stone Soup version 0.23-a0-642-g3120c2f5a9 (webtiles) character file.

60715 Adamkad1 the Blocker (level 15, 119/119 HPs)
             Began as a Gnoll Fighter on Dec 31, 2018.
             Was the Champion of Ashenzari.
             Quit the game on level 5 of the Lair of Beasts.
             The game lasted 00:58:17 (26541 turns).

Adamkad1 the Blocker (Gnoll Fighter)               Turns: 26541, Time: 00:58:18

Health: 119/119    AC: 24    Str: 24    XL:     15   Next: 0%
Magic:  28/28      EV: 13    Int: 11    God:    Ashenzari [******]
Gold:   1193       SH: 15    Dex: 15    Spells: 33/33 levels left

rFire    . . .     SeeInvis +   K - +2 mace (drain) (curse)
rCold    . . .     Gourm    .   c - +1 shield (curse)
rNeg     . . .     Faith    .   m - +0 plate armour (curse)
rPois    .         Spirit   +   O - +1 hat (curse)
rElec    .         Reflect  .   v - scarf {Spirit} (curse)
rCorr    .         Harm     .   z - +0 pair of gloves (curse)
MR       +....     Clarity  +   (no boots)
Stlth    ..........             H - amulet of magic regeneration
HPRegen  0.29/turn              N - +5 ring of protection (curse)
MPRegen  0.46/turn              x - ring of flight

@: no status effects
A: distributed training, fangs 1, strong nose
a: Curse Item, Scrying, Renounce Religion, Evoke Flight


You were on level 5 of the Lair of Beasts.
You worshipped Ashenzari.
Ashenzari was exalted by your worship.
You were not hungry.

You visited 2 branches of the dungeon, and saw 21 of its levels.

You collected 1193 gold pieces.

Inventory:

Hand Weapons
 a - a +0 vampiric flail
 K - a cursed +2 mace of draining (weapon)
Missiles
 j - 645 stones (quivered)
 A - 161 sling bullets
Armour
 c - a cursed +1 shield (worn)
 m - a cursed +0 plate armour (worn)
 v - a cursed scarf of spirit shield (worn)
 z - a cursed +0 pair of gloves (worn)
 O - a cursed +1 hat (worn)
 R - a +2 cloak of magic resistance
 U - a scarf of resistance
Jewellery
 e - an uncursed ring of ice
 x - a ring of flight (right hand)
 H - an amulet of magic regeneration (around neck)
 N - a cursed +5 ring of protection (left hand)
Wands
 b - a wand of scattershot (6)
 g - a wand of disintegration (13)
 l - a wand of clouds (6)
 y - a wand of polymorph (16)
 C - a wand of iceblast (15)
 E - a wand of digging (4)
 J - a wand of random effects (21)
 P - a wand of paralysis (14)
Scrolls
 d - 3 scrolls of magic mapping
 k - 3 scrolls of enchant weapon
 o - 4 scrolls of blinking
 p - 21 scrolls of identify
 r - 10 scrolls of teleportation
 u - a scroll of remove curse
 B - 4 scrolls of amnesia
 L - a scroll of fear
 Q - 2 scrolls of silence
 V - 4 scrolls of fog
 W - 2 scrolls of enchant armour
 Y - a scroll of holy word
Potions
 h - 5 potions of curing
 n - 3 potions of lignification
 q - 2 potions of resistance
 s - 3 potions of flight
 t - a potion of berserk rage {unknown}
 w - 4 potions of cancellation
 F - 3 potions of brilliance
 G - 2 potions of might
 S - 3 potions of haste
 Z - 3 potions of heal wounds
Miscellaneous
 T - a lightning rod (4/4)
 X - a fan of gales
Comestibles
 f - 27 rations
 i - 5 chunks of flesh


   Skills:
 + Level 11.4 Fighting
 + Level 9.5 Short Blades
 + Level 9.5 Long Blades
 + Level 9.5 Axes
 + Level 10.5(14.7) Maces & Flails
 + Level 9.5 Polearms
 + Level 9.5 Staves
 + Level 9.5 Slings
 + Level 9.5 Bows
 + Level 9.5 Crossbows
 + Level 9.5 Throwing
 + Level 11.4(15.6) Armour
 + Level 9.5 Dodging
 + Level 9.5 Stealth
 + Level 11.4(14.1) Shields
 + Level 9.5 Unarmed Combat
 + Level 9.5 Spellcasting
 + Level 8.0 Conjurations
 + Level 8.0 Hexes
 + Level 8.0 Charms
 + Level 8.0 Summonings
 + Level 8.0 Necromancy
 + Level 8.0 Translocations
 + Level 8.0 Transmutations
 + Level 8.0 Fire Magic
 + Level 8.0 Ice Magic
 + Level 8.0 Air Magic
 + Level 8.0 Earth Magic
 + Level 8.0 Poison Magic
 + Level 10.3 Invocations
 + Level 9.5 Evocations


You had 33 spell levels left.
You didn't know any spells.
Your spell library contained the following spells:

 Spells                   Type           Power        Failure   Level  Hunger
 Magic Dart               Conj           ###.         4%          1    None
 Blink                    Tloc           N/A          6%          2    None
 Call Imp                 Summ           ###.....     6%          2    None
 Slow                     Hex            ###.....     6%          2    None
 Conjure Flame            Conj/Fire      ###.....     13%         3    ##.....
 Mephitic Cloud           Conj/Pois/Air  ###.....     13%         3    ##.....


Dungeon Overview and Level Annotations

Branches:
Dungeon (15/15)            Temple (0/1) D:7            Lair (6/6) D:11
 Shoals (0/4) Lair:3       Spider (0/4) Lair:4          Orc (0/2) D:10
 Vaults (0/5) D:14         Depths (0/5) D:15
  Slime: Lair:5-6

Altars:
Ashenzari
Dithmenos
Elyvilon
Gozag
Makhleb
Ru
Sif Muna
Yredelemnul
Zin
The Shining One
Beogh

Shops:
D:9 *   D:13 }=(

Annotations:
D:8 Joseph
D:13 3 runed doors, Orphog's ghost, journeyman MiFi
Lair:3 2 transporters, HereIgoKillingAgain's ghost, journeyman HOFi
Lair:5 exclusion: 4 oklob plants


Innate Abilities, Weirdness & Mutations

Your experience applies equally to all skills.
You have very sharp teeth.
Your uncanny sense of smell can sniff out nearby items.


Message History

You see here a yak corpse.
You butcher the yak corpse.
i - 2 chunks of flesh You see here a yak skeleton.
There isn't anything to butcher here.
Things that are here:
a crocodile corpse; a dream sheep corpse Butcher a crocodile corpse? [(y)es/(n)o/(a)ll/(q)uit/?]
You butcher the crocodile corpse.
You butcher the dream sheep corpse.
i - 4 chunks of flesh (gained 2);
i - 5 chunks of flesh (gained 1)
Things that are here:
a crocodile skeleton; a dream sheep skeleton You start resting.
HP restored.
Okay, then.
Unknown command.
Okay, then.
Unknown command.
Are you sure you want to abandon this character and quit the game? (Confirm

#....#...+#..P...##.#+#....
##.....###..###...####..##..
#......P##.## #...####..##..
#.P...+.....###.....#...##..
##.....#..........###.......
#....#.....##P...# #....PPP
##.....#(...##PP..###.#.#...
#.....#####.###.......####..
###.>.#.###@#.#.............
#.÷......÷.#.....<........
#.........................
##.........................
#P.........................
#P.........................
##..#.##.........#.#+###.#.
##...###...#......#....#..#
#P[..##.#..#.....P#...P..#.


There were no monsters in sight!

Vanquished Creatures
  An ironheart preserver (D:14)
  A dire elephant (D:15)
  3 hydras
  Erolcha (D:11)
  An ogre mage (D:15)
  3 centaur warriors
  10 two-headed ogres
  A tengu warrior (D:15)
  2 death yaks
  Urug (D:11)
  Nergalle (D:11)
  5 skeletal warriors (D:15)
  2 unseen horrors
  Pikel (D:8)
  A wolf spider zombie (D:15)
  An orc knight (D:15)
  A manticore (Lair:3)
  4 cyclopes
  11 ugly things
  12 elephants
  Maurice (D:12)
  2 black mambas (Lair:5)
  A gargoyle (D:10)
  5 spiny frogs
  A kobold demonologist (D:14)
  2 freezing wraiths (D:14)
  A komodo dragon (D:11)
  3 jumping spiders (Lair:4)
  2 polar bears (Lair:5)
  7 trolls
  2 hornets
  Grinder (D:4)
  6 slime creatures
  7 hippogriffs
  4 dream sheep (Lair:5)
  8 blink frogs
  A meliai zombie (D:13)
  A vampire (D:15)
  3 wraiths
  A spriggan (D:7)
  A tarantella (shapeshifter) (D:14)
  25 yaks
  A steam dragon (D:13)
  A yak (shapeshifter) (D:13)
  4 basilisks
  5 vampire mosquitoes
  A hungry ghost (D:11)
  Grum (D:11)
  7 water moccasins
  11 porcupines
  A black bear (Lair:1)
  2 eyes of draining
  5 ice beasts
  8 ogres
  2 phantoms
  8 orc warriors
  A sky beast (D:14)
  A black bear (shapeshifter) (D:13)
  A hornet zombie (D:15)
  12 wolves
  6 crocodiles
  15 centaurs
  A big kobold (D:10)
  10 bullfrogs
  7 scorpions
  3 killer bees (D:7)
  6 wights
  3 howler monkeys
  2 electric eels
  4 crimson imps
  A bullfrog zombie (D:5)
  2 centaur zombies
  10 hounds
  Crazy Yiuf (D:7)
  3 jellies
  5 orc priests
  13 orc wizards
  3 bullfrog skeletons
  3 centaur skeletons
  5 iguanas
  9 worker ants
  A killer bee zombie (D:6)
  2 hound zombies
  2 worker ant zombies
  A howler monkey skeleton (D:11)
  11 adders
  4 shadow imps
  2 oozes
  An adder skeleton (D:7)
  An adder zombie (D:5)
  3 worms
  A dart slug (D:1)
  3 leopard geckos
  41 orcs
  A ball python (D:3)
  4 giant cockroaches
  4 goblins
  5 hobgoblins
  8 jackals
  14 kobolds
  A quokka (D:2)
  9 bats
  5 frilled lizards
  A leopard gecko skeleton (D:5)
  2 quokka skeletons
  6 rats
465 creatures vanquished.

Vanquished Creatures (others)
  A scorpion (D:8)
  A leopard gecko (D:8)
  A quokka (D:7)
  A fungus (Lair:5)
  3 plants (Lair:5)
7 creatures vanquished.

Grand Total: 472 creatures vanquished

Notes
Turn   | Place    | Note
-------+----------+-------------------------------------------
     0 | D:1      | Adamkad1 the Gnoll Fighter began the quest for the Orb.
     0 | D:1      | Reached XP level 1. HP: 23/23 MP: 1/1
   249 | D:1      | Reached XP level 2. HP: 29/29 MP: 2/2
   674 | D:1      | Reached XP level 3. HP: 35/35 MP: 3/3
  1181 | D:2      | Reached skill level 1 in Invocations
  1220 | D:2      | Reached skill level 1 in Short Blades
  1220 | D:2      | Reached skill level 1 in Long Blades
  1220 | D:2      | Reached skill level 1 in Axes
  1220 | D:2      | Reached skill level 1 in Polearms
  1220 | D:2      | Reached skill level 1 in Staves
  1220 | D:2      | Reached skill level 1 in Slings
  1220 | D:2      | Reached skill level 1 in Bows
  1220 | D:2      | Reached skill level 1 in Crossbows
  1220 | D:2      | Reached skill level 1 in Throwing
  1220 | D:2      | Reached skill level 1 in Dodging
  1220 | D:2      | Reached skill level 1 in Stealth
  1220 | D:2      | Reached skill level 1 in Unarmed Combat
  1220 | D:2      | Reached skill level 1 in Spellcasting
  1220 | D:2      | Reached skill level 1 in Evocations
  1220 | D:2      | Reached XP level 4. HP: 37/41 MP: 5/5
  1269 | D:2      | Found a faded altar of an unknown god.
  1507 | D:2      | Found a basalt altar of Yredelemnul.
  1531 | D:2      | Found a glowing golden altar of the Shining One.
  1875 | D:2      | Noticed an angel
  1956 | D:3      | Reached skill level 1 in Conjurations
  1956 | D:3      | Reached skill level 1 in Hexes
  1956 | D:3      | Reached skill level 1 in Charms
  1956 | D:3      | Reached skill level 1 in Summonings
  1956 | D:3      | Reached skill level 1 in Necromancy
  1956 | D:3      | Reached skill level 1 in Translocations
  1956 | D:3      | Reached skill level 1 in Transmutations
  1956 | D:3      | Reached skill level 1 in Fire Magic
  1956 | D:3      | Reached skill level 1 in Ice Magic
  1956 | D:3      | Reached skill level 1 in Air Magic
  1956 | D:3      | Reached skill level 1 in Earth Magic
  1956 | D:3      | Reached skill level 1 in Poison Magic
  2435 | D:3      | Reached XP level 5. HP: 43/47 MP: 5/7
  2615 | D:4      | Found a shadowy altar of Dithmenos.
  2988 | D:4      | Reached XP level 6. HP: 36/53 MP: 8/8
  3449 | D:4      | Found a shattered altar of Ashenzari.
  3491 | D:4      | Reached skill level 5 in Maces & Flails
  3645 | D:4      | Became a worshipper of Ashenzari the Shackled
  3678 | D:4      | Noticed Grinder
  3683 | D:4      | Paralysed by Grinder for 7 turns
  4049 | D:4      | Paralysed by Grinder for 6 turns
  4068 | D:4      | Killed Grinder
  4068 | D:4      | Reached XP level 7. HP: 46/60 MP: 7/10
  4252 | D:5      | Entered Level 5 of the Dungeon
  4603 | D:5      | Reached XP level 8. HP: 62/67 MP: 10/12
  4673 | D:5      | Found an opulent altar of Gozag.
  5292 | D:5      | Reached * piety under Ashenzari
  6509 | D:7      | Reached ** piety under Ashenzari
  6592 | D:7      | Found a staircase to the Ecumenical Temple.
  6640 | D:7      | Found a white marble altar of Elyvilon.
  6640 | D:7      | Noticed a yak
  6640 | D:7      | Noticed a yak
  6641 | D:7      | Noticed a yak
  6641 | D:7      | Noticed a yak
  6687 | D:7      | Noticed a spriggan baker
  6692 | D:7      | Killed a spriggan baker
  6781 | D:7      | Found a runed door.
  6941 | D:7      | Noticed Crazy Yiuf
  6948 | D:7      | Killed Crazy Yiuf
  6948 | D:7      | Reached XP level 9. HP: 67/72 MP: 12/14
  7297 | D:8      | Noticed a hornet
  7316 | D:8      | Paralysed by a hornet for 2 turns
  7327 | D:8      | HP: 5/111 [poisoned by a hornet]
  7340 | D:8      | Killed a hornet
  7365 | D:8      | Noticed Joseph
  7855 | D:8      | Noticed a troll
  7870 | D:8      | Killed a troll
  7870 | D:8      | Reached skill level 5 in Invocations
  8058 | D:8      | Noticed Pikel
  8075 | D:8      | Killed Pikel
  8075 | D:8      | Reached XP level 10. HP: 72/80 MP: 15/17
  8223 | D:8      | Noticed a two-headed ogre
  8244 | D:8      | Killed a two-headed ogre
  8244 | D:8      | Reached skill level 5 in Short Blades
  8244 | D:8      | Reached skill level 5 in Long Blades
  8244 | D:8      | Reached skill level 5 in Axes
  8244 | D:8      | Reached skill level 5 in Polearms
  8244 | D:8      | Reached skill level 5 in Staves
  8244 | D:8      | Reached skill level 5 in Slings
  8244 | D:8      | Reached skill level 5 in Bows
  8244 | D:8      | Reached skill level 5 in Crossbows
  8244 | D:8      | Reached skill level 5 in Throwing
  8244 | D:8      | Reached skill level 5 in Dodging
  8244 | D:8      | Reached skill level 5 in Stealth
  8244 | D:8      | Reached skill level 5 in Unarmed Combat
  8244 | D:8      | Reached skill level 5 in Spellcasting
  8244 | D:8      | Reached skill level 5 in Evocations
  8891 | D:9      | Found a sacrificial altar of Ru.
  9104 | D:9      | Found Paoradd's Elemental Accessories.
  9111 | D:9      | Reached *** piety under Ashenzari
  9524 | D:9      | Found a deep blue altar of Sif Muna.
  9562 | D:9      | Found a burning altar of Makhleb.
  9809 | D:10     | Entered Level 10 of the Dungeon
 10083 | D:10     | Noticed a two-headed ogre
 10292 | D:10     | Killed a two-headed ogre
 10292 | D:10     | Reached XP level 11. HP: 54/87 MP: 13/19
 10499 | D:10     | Found a staircase to the Orcish Mines.
 11132 | D:11     | Noticed Urug
 11149 | D:11     | Noticed Erolcha
 11493 | D:11     | Reached skill level 5 in Conjurations
 11493 | D:11     | Reached skill level 5 in Hexes
 11493 | D:11     | Reached skill level 5 in Charms
 11493 | D:11     | Reached skill level 5 in Summonings
 11493 | D:11     | Reached skill level 5 in Necromancy
 11493 | D:11     | Reached skill level 5 in Translocations
 11493 | D:11     | Reached skill level 5 in Transmutations
 11493 | D:11     | Reached skill level 5 in Fire Magic
 11493 | D:11     | Reached skill level 5 in Ice Magic
 11493 | D:11     | Reached skill level 5 in Air Magic
 11493 | D:11     | Reached skill level 5 in Earth Magic
 11493 | D:11     | Reached skill level 5 in Poison Magic
 11530 | D:11     | Found a staircase to the Lair.
 11636 | D:11     | Identified the +4 robe of Beyond {*Drain rPois rC+ Str+7}
 11691 | D:11     | Killed Erolcha
 11865 | D:11     | Noticed a cyclops
 11869 | D:11     | Noticed Nergalle
 11877 | D:11     | HP: 4/89 [Nergalle/bolt of negative energy (28)]
 12267 | D:11     | Killed Urug
 12663 | D:11     | Noticed a red ugly thing
 12665 | D:11     | Noticed a two-headed ogre
 12677 | D:11     | Killed a red ugly thing
 12687 | D:11     | Killed a two-headed ogre
 13215 | D:11     | Noticed Grum
 13240 | D:11     | Killed Grum
 13522 | D:11     | Killed Nergalle
 13758 | D:11     | Reached **** piety under Ashenzari
 14203 | D:11     | Reached XP level 12. HP: 83/96 MP: 20/22
 15033 | D:12     | Noticed Maurice
 15052 | D:12     | Killed Maurice
 15817 | D:13     | Noticed a centaur warrior
 15830 | D:13     | Killed a centaur warrior
 15943 | D:13     | Found Wiofih's Gadget Boutique.
 15949 | D:13     | Found Vicazit's Jewellery Shoppe.
 15969 | D:13     | Noticed a two-headed ogre
 15984 | D:13     | Killed a two-headed ogre
 16285 | D:13     | Noticed a centaur warrior
 16286 | D:13     | Found Faot's Antique Weapon Emporium.
 16310 | D:13     | Killed a centaur warrior
 16585 | D:13     | Reached skill level 10 in Fighting
 16585 | D:13     | Reached skill level 10 in Armour
 16585 | D:13     | Reached skill level 10 in Shields
 16885 | D:13     | Found a runed gate.
 16885 | D:13     | Noticed Orphog's ghost (journeyman MiFi)
 16954 | D:13     | Found a runed gate.
 16955 | D:13     | Found a runed gate.
 16967 | D:13     | Found a roughly hewn altar of Beogh.
 17099 | D:14     | Reached ***** piety under Ashenzari
 17155 | D:14     | Noticed a centaur warrior
 17174 | D:14     | Killed a centaur warrior
 17270 | D:14     | Noticed an ironheart preserver
 17384 | D:14     | Reached XP level 13. HP: 86/103 MP: 22/24
 17478 | D:14     | Found a gate to the Vaults.
 17534 | D:14     | Killed an ironheart preserver
 18542 | D:14     | HP: 4/104 [acid (5)]
 19081 | D:15     | Entered Level 15 of the Dungeon
 19689 | D:15     | Identified a scroll of acquirement
 20244 | D:15     | Identified the +3 robe "Duhuod" {rC++}
 20254 | D:15     | Reached XP level 14. HP: 100/111 MP: 26/26
 20330 | D:15     | Reached skill level 10 in Maces & Flails
 21281 | D:15     | Found a staircase to the Depths.
 21348 | D:15     | Noticed a dire elephant
 21374 | D:15     | Killed a dire elephant
 21542 | Lair:1   | Entered Level 1 of the Lair of Beasts
 21790 | Lair:1   | Found a glowing silver altar of Zin.
 23227 | Lair:3   | Found a transporter.
 23231 | Lair:3   | Found a transporter.
 23232 | Lair:3   | Noticed HereIgoKillingAgain's ghost (journeyman HOFi)
 23378 | Lair:3   | Found a burning altar of Makhleb.
 23393 | Lair:3   | Reached ****** piety under Ashenzari
 23723 | Lair:3   | Found a staircase to the Shoals.
 23892 | Lair:3   | Reached skill level 10 in Invocations
 24700 | Lair:4   | Found a hole to the Spider Nest.
 26066 | Lair:6   | Entered Level 6 of the Lair of Beasts
 26437 | Lair:5   | Reached XP level 15. HP: 89/119 MP: 26/28
 26541 | Lair:5   | Quit the game

Vault maps used:
D:1:      grunt_arrival_lava_bath
D:2:      grunt_temple_overflow_holy_war,
          chequers_ecumenical_altar_simple_redux, minmay_misc_feat_tiny
D:3:      first_ration
D:4:      lemuel_crystal_altar, palyth_stone_intersect, ashenzari_altar_1,
          uniq_grinder
D:5:      old_standard_altar
D:6:      serial_corexii_hall, chequers_hall_statues_y,
          corexii_hall_statues_deadend
D:7:      lemuel_upstairs_altar, minmay_temple_entry_stoned_glass, the_bakery,
          elyvilon_altar_4, uniq_crazy_yiuf_cottage
D:8:      uniq_joseph, uniq_pikel
D:9:      makhleb_grotto_becter, nicolae_overflow_crystal_walls,
          grunt_ministairs_5, st_stairs_13, nicolae_elemental_shop,
          lemuel_blue_sif_altar
D:10:     david_orc_2
D:11:     wad_river_or_something, lair_entry_dummy, uniq_grum, uniq_erolcha,
          uniq_nergalle, uniq_urug
D:12:     minmay_misc_feat_rugged, uniq_maurice
D:13:     serial_shops, nicolae_shop_waterfront, shop, nicolae_shop_stone,
          biasface_ghost_orc_armoury
D:14:     skrybe_vaults_entry_preservation, chequers_arboretum
D:15:     hangedman_depths_entry_try_elsewhere_first, nicolae_water_bricks,
          minmay_diced_spiral
Lair:1:   basic_altar, grunt_megastairs_5, lemuel_fruit_fields
Lair:2:   nicolae_quartered_pool_medium, grunt_megastairs_4
Lair:3:   minmay_shoals_entry_beasts, basic_altar, gammafunk_ghost_hive,
          chequers_serial_rivers_micro_c
Lair:4:   spider_nest_entry_funnel_web, kennysheep_catoblepas_arena
Lair:5:   beast_lair_carwin_5, minmay_lair_oklob_chamber
Lair:6:   evilmike_catoblepas_cave, slime_altar_1, basic_altar, st_stairs_6,
          grunt_megastairs_2

Skill      XL: |  1  2  3  4  5  6  7  8  9 10 11 12 13 14 |
---------------+-------------------------------------------+-----
Invocations    | 1 2 3 4 5 6 7 8 9 10 | 10.3
Short Blades   | 1 2 3 4 5 6 7 8 9 |  9.5
Long Blades    | 1 2 3 4 5 6 7 8 9 |  9.5
Axes           | 1 2 3 4 5 6 7 8 9 |  9.5
Polearms       | 1 2 3 4 5 6 7 8 9 |  9.5
Staves         | 1 2 3 4 5 6 7 8 9 |  9.5
Slings         | 1 2 3 4 5 6 7 8 9 |  9.5
Bows           | 1 2 3 4 5 6 7 8 9 |  9.5
Crossbows      | 1 2 3 4 5 6 7 8 9 |  9.5
Throwing       | 1 2 3 4 5 6 7 8 9 |  9.5
Dodging        | 1 2 3 4 5 6 7 8 9 |  9.5
Stealth        | 1 2 3 4 5 6 7 8 9 |  9.5
Unarmed Combat | 1 2 3 4 5 6 7 8 9 |  9.5
Spellcasting   | 1 2 3 4 5 6 7 8 9 |  9.5
Evocations     | 1 2 3 4 5 6 7 8 9 |  9.5
Conjurations   | 1 2 3 4 5 6 7 8 |  8.0
Hexes          | 1 2 3 4 5 6 7 8 |  8.0
Charms         | 1 2 3 4 5 6 7 8 |  8.0
Summonings     | 1 2 3 4 5 6 7 8 |  8.0
Necromancy     | 1 2 3 4 5 6 7 8 |  8.0
Translocations | 1 2 3 4 5 6 7 8 |  8.0
Transmutations | 1 2 3 4 5 6 7 8 |  8.0
Fire Magic     | 1 2 3 4 5 6 7 8 |  8.0
Ice Magic      | 1 2 3 4 5 6 7 8 |  8.0
Air Magic      | 1 2 3 4 5 6 7 8 |  8.0
Earth Magic    | 1 2 3 4 5 6 7 8 |  8.0
Poison Magic   | 1 2 3 4 5 6 7 8 |  8.0
Maces & Flails | 5 6 7 8 9 10 | 10.5
Fighting       | 7 8 9 10 11 | 11.4
Armour         | 7 8 9 10 11 | 11.4
Shields        | 7 8 9 10 11 | 11.4

Action                   |  1- 3 |  4- 6 |  7- 9 | 10-12 | 13-15 || total
-------------------------+-------+-------+-------+-------+-------++-------
Melee: Flail             |    84 |   141 |   277 |       |       ||   502
       Bite              |    12 |    20 |    50 |   198 |   288 ||   568
       Mace              |       |       |   152 |  1106 |  1481 ||  2739
Invok: Curse Item        |       |       |     3 |     3 |       ||     6
       Scrying           |       |       |       |       |     1 ||     1
Evoke: Wand              |       |       |       |       |     5 ||     5
  Use: Potion            |       |     1 |     5 |     2 |     3 ||    11
       Scroll            |       |       |       |    14 |     6 ||    20
 Stab: Sleeping          |       |       |     2 |     1 |       ||     3
  Eat: Chunk             |     1 |     8 |     9 |    24 |    21 ||    63
       Ration            |       |       |     2 |     2 |     3 ||     7
Armor: Scale mail        |    35 |    34 |    47 |       |       ||   116
       Ring mail         |       |       |    35 |    70 |       ||   105
       Skin              |       |       |    12 |       |       ||    12
       Plate armour      |       |       |       |   247 |   499 ||   746
Dodge: Dodged            |    18 |    38 |   128 |   363 |   463 ||  1010
Block: Shield            |    46 |    78 |   270 |   724 |   914 ||  2032

Table legend:
 A = Non-vault XP
 B = Vault XP
 C = Vault XP percentage of total XP
 D = Non-vault monster count
 E = Vault monster count
 F = Vault count percentage of total count
                 A         B        C        D         E       F
            +---------+---------+-------+---------+---------+-------
      Total |   66011 |   20726 |  23.9 |     393 |      72 |  15.5
            +---------+---------+-------+---------+---------+-------
        D:1 |      52 |       0 |   0.0 |      29 |       0 |   0.0
        D:2 |      67 |       0 |   0.0 |      17 |       0 |   0.0
        D:3 |      86 |       0 |   0.0 |      11 |       0 |   0.0
        D:4 |     295 |     267 |  47.5 |      14 |       1 |   6.7
        D:5 |     775 |       0 |   0.0 |      29 |       0 |   0.0
        D:6 |     205 |       0 |   0.0 |      12 |       0 |   0.0
        D:7 |    1160 |     262 |  18.4 |      16 |       2 |  11.1
        D:8 |    2679 |     685 |  20.4 |      23 |       1 |   4.2
        D:9 |    1064 |     166 |  13.5 |      13 |       2 |  13.3
       D:10 |    3252 |     281 |   8.0 |      33 |       7 |  17.5
       D:11 |    5237 |    3769 |  41.8 |      30 |      16 |  34.8
       D:12 |    1484 |     445 |  23.1 |      13 |       1 |   7.1
       D:13 |    7967 |       0 |   0.0 |      27 |       0 |   0.0
       D:14 |   11712 |    3503 |  23.0 |      32 |       9 |  22.0
       D:15 |   14013 |    4015 |  22.3 |      33 |       5 |  13.2
     Lair:1 |    2030 |     445 |  18.0 |      10 |       3 |  23.1
     Lair:2 |    1590 |      88 |   5.2 |       8 |       1 |  11.1
     Lair:3 |    3083 |     798 |  20.6 |      13 |       2 |  13.3
     Lair:4 |    3308 |    1780 |  35.0 |      10 |       4 |  28.6
     Lair:5 |    5952 |    4222 |  41.5 |      20 |      18 |  47.4
            +---------+---------+-------+---------+---------+-------
